 Dungeon Sprint DCSS version 0.20.1-1-g8b1a95d (webtiles) character file.

70 Mitsuki the Magician (level 4, -1/24 HPs)
             Began as a Deep Elf Fire Elementalist on Sept 25, 2017.
             Was a Believer of Vehumet.
             Slain by Duvessa
             ... wielding a +0 short sword
              (12 damage)
             ... in the Dungeon (Sprint VII: "The Pits").
             The game lasted 00:01:56 (196 turns).

Mitsuki the Magician (Deep Elf Fire Elementalist)    Turns: 196, Time: 00:01:56

Health: -1/24      AC:  2    Str:  5    XL:     4   Next: 3%
Magic:  3/14       EV: 13    Int: 21    God:    Vehumet [**....]
Gold:   0          SH:  0    Dex: 15    Spells: 15/16 levels left

rFire    . . .     SeeInvis .   j - +2 quarterstaff
rCold    . . .     Gourm    .   (shield currently unavailable)
rNeg     . . .     Faith    .   a - +0 robe
rPois    .         Spirit   .   (no helmet)
rElec    .         Reflect  .   (no cloak)
rCorr    .         Harm     .   (no gloves)
MR       .....     NoTele   +   (no boots)
Stlth    ++........             (no amulet)
Regen    0.1/turn               (no ring)
MPRegen  0.2/turn               (no ring)

@: no status effects
A: no striking features
a: Renounce Religion


You were in the Dungeon.
You worshipped Vehumet.
Vehumet was pleased with you.
You were not hungry.

You visited 1 branch

Inventory:

Hand Weapons
 j - a +2 quarterstaff (weapon)
Armour
 a - a +0 robe (worn)
Scrolls
 i - a scroll of blinking
 l - 3 scrolls of remove curse
 m - 5 scrolls of amnesia
 n - a scroll of summoning
Potions
 d - a potion of curing
 f - a potion of haste
 g - 4 potions of magic
 h - 3 potions of berserk rage
 k - 2 potions of invisibility
Books
 b - a book of Flames

   Spells                             Type                      Level
   a - Flame Tongue                   Conjuration/Fire             1
   b - Throw Flame                    Conjuration/Fire             2
   c - Conjure Flame                  Conjuration/Fire             3
   d - Inner Flame                    Hexes/Fire                   3
   e - Sticky Flame                   Conjuration/Fire             4
   f - Fireball                       Conjuration/Fire             5
Comestibles
 c - 8 bread rations
 o - 40 fruits
 p - 7 meat rations
 q - 5 chunks of flesh


   Skills:
 - Level 2.4 Dodging
 - Level 2.4 Stealth
 + Level 6.7 Spellcasting
 + Level 4.9 Conjurations
 + Level 5.8 Fire Magic


You had 15 spell levels left.
You knew the following spells:

 Your Spells              Type           Power        Failure   Level  Hunger
a - Flame Tongue          Conj/Fire      ####.        1%          1    None


Dungeon Overview and Level Annotations

Branches:
Dungeon (1/1)

Altars:
Ashenzari
Cheibriados
Dithmenos
Elyvilon
Fedhas
Gozag
Hepliaklqana
Kikubaaqudgha
Makhleb
Nemelex Xobeh
Okawaru
Qazlal
Ru
Sif Muna
Trog
Uskayaw
Vehumet
Xom
Yredelemnul
Zin
The Shining One
Beogh
Jiyva
Lugonu

Annotations:
D Duvessa


Message History

Increase (S)trength, (I)ntelligence, or (D)exterity?
You feel clever.
You have reached level 4!
You feel clever. Duvessa hits you with a short sword!
Ouch! That really hurt!
* * * LOW HITPOINT WARNING * * *
You feel much better. Duvessa closely misses you.
Duvessa hits you with a short sword!
Ouch! That really hurt!
Casting: Flame Tongue
Confirm with . or Enter, or press ? or * to list all spells.
Aiming: Flame Tongue
Press: ? - help, Shift-Dir - straight line, f - Duvessa
Aim: Duvessa, wielding a short sword and wearing a glowing scale mail (berserk, fast, unusually strong)
The flame tongue hits Duvessa.
Duvessa resists.
Duvessa is lightly wounded.
Duvessa hits you with a short sword!
Ouch! That really hurt!
You die...

#__.____...###########++
##########'##...........
#.?(.')))'.##......#..#
##########.##..........
#...........'...........
#+#####÷#####......#..#.
#...#.# #...........
#..)#)# ####'#####+
#..%e@# #.......#
##'#### #.......#
#.).r.# #.......#
#.r..§# #...<...#
#....e.. #.......#
#........##.......#
###########.......#
#########


You could see Duvessa (berserk).

Vanquished Creatures
  Dowan (D)
  A river rat (D)
  A leopard gecko (D)
  2 orcs (D)
  A quokka (D)
  2 ball pythons (D)
  A rat (D)
9 creatures vanquished.

Notes
Turn   | Place    | Note
-------+----------+-------------------------------------------
     0 | D        | Mitsuki the Deep Elf Fire Elementalist began the quest for the Orb.
     0 | D        | Reached XP level 1. HP: 10/10 MP: 6/6
    39 | D        | Found a glowing golden altar of the Shining One.
    39 | D        | Found a glowing silver altar of Zin.
    39 | D        | Found a basalt altar of Yredelemnul.
    39 | D        | Found a shimmering altar of Xom.
    39 | D        | Found a bloodstained altar of Trog.
    39 | D        | Found a deep blue altar of Sif Muna.
    39 | D        | Found a sacrificial altar of Ru.
    39 | D        | Found a stormy altar of Qazlal.
    39 | D        | Found an iron altar of Okawaru.
    39 | D        | Found a sparkling altar of Nemelex Xobeh.
    39 | D        | Found a burning altar of Makhleb.
    39 | D        | Found a viscous altar of Jiyva.
    39 | D        | Found a hazy altar of Hepliaklqana.
    39 | D        | Found an opulent altar of Gozag.
    39 | D        | Found a blossoming altar of Fedhas.
    39 | D        | Found a white marble altar of Elyvilon.
    39 | D        | Found a shadowy altar of Dithmenos.
    39 | D        | Found a snail-covered altar of Cheibriados.
    40 | D        | Found a radiant altar of Vehumet.
    40 | D        | Found a corrupted altar of Lugonu.
    40 | D        | Found a roughly hewn altar of Beogh.
    41 | D        | Found a hide-covered altar of Uskayaw.
    41 | D        | Found an ancient bone altar of Kikubaaqudgha.
    41 | D        | Found a shattered altar of Ashenzari.
    48 | D        | Became a worshipper of Vehumet
   117 | D        | Reached * piety under Vehumet
   117 | D        | Offered knowledge of Sandblast by Vehumet.
   117 | D        | Reached skill level 4 in Spellcasting
   120 | D        | Reached XP level 2. HP: 15/15 MP: 3/9
   180 | D        | Reached skill level 5 in Spellcasting
   181 | D        | Noticed Duvessa
   181 | D        | Noticed Dowan
   190 | D        | Reached ** piety under Vehumet
   194 | D        | Killed Dowan
   194 | D        | Reached skill level 6 in Spellcasting
   194 | D        | Reached skill level 5 in Fire Magic
   194 | D        | Reached XP level 3. HP: 12/19 MP: 3/13
   194 | D        | Reached XP level 4. HP: 15/24 MP: 3/14
   196 | D        | Slain by Duvessa

Skill      XL: |  1  2 |
---------------+-------+-----
Conjurations   | 3 4 |  4.9
Spellcasting   | 4 6 |  6.7
Fire Magic     | 4 5 |  5.8
Dodging        | |  2.4
Stealth        | |  2.4

Action                   |  1- 3 |  4- 6 || total
-------------------------+-------+-------++-------
 Cast: Flame Tongue      |    14 |     2 ||    16
  Use: Potion            |       |     1 ||     1
Dodge: Dodged            |     4 |     1 ||     5
